 Dungeon Crawl Stone Soup version 0.22-a0-283-g1871b15 (webtiles) character file.

61 GizzardofKazz the Slasher (level 3, -4/31 HPs)
             Began as a Minotaur Berserker on Mar 18, 2018.
             Was a Believer of Trog.
             Slain by a gnoll
             ... wielding a +0 club
              (6 damage)
             ... on level 2 of the Dungeon.
             The game lasted 00:03:12 (1100 turns).

GizzardofKazz the Slasher (Minotaur Berserker)      Turns: 1100, Time: 00:03:12

Health: -4/31      AC:  1    Str: 21    XL:     3   Next: 83%
Magic:  2/2        EV: 12    Int:  4    God:    Trog [**....]
Gold:   124        SH:  0    Dex: 10    Spells: 2/2 levels left

rFire    . . .     SeeInvis .   a - +0 falchion
rCold    . . .     Gourm    .   (no shield)
rNeg     . . .     Faith    .   (no armour)
rPois    .         Spirit   .   (helmet restricted)
rElec    .         Reflect  .   (no cloak)
rCorr    .         Harm     .   e - +0 pair of gloves
MR       .....                  (no boots)
Stlth    ..........             (no amulet)
HPRegen  0.10/turn              j - ring of loudness (curse)
MPRegen  0.08/turn              (no ring)

@: berserk cooldown, slowed, very slow
A: retaliatory headbutt, horns 2
a: Berserk, Trog's Hand, Renounce Religion


You were on level 2 of the Dungeon.
You worshipped Trog.
Trog was pleased with you.
You were not hungry.

You visited 1 branch of the dungeon, and saw 2 of its levels.

You collected 124 gold pieces.

Inventory:

Hand Weapons
 a - a +0 falchion (weapon)
Armour
 b - a +0 ring mail
 e - a +0 pair of gloves (worn)
Jewellery
 j - a cursed ring of loudness (left hand)
Scrolls
 d - 2 scrolls of identify {unknown}
 f - a scroll of teleportation {unknown}
 h - a scroll of random uselessness {unknown}
 k - a scroll of amnesia {unknown}
Potions
 i - a potion of curing {unknown}
Comestibles
 c - 7 rations
 g - 7 chunks of flesh


   Skills:
 - Level 3.6 Fighting
 + Level 5.8 Long Blades
 - Level 2.4 Armour
 - Level 2.1 Dodging


You had 2 spell levels left.
You didn't know any spells.

Dungeon Overview and Level Annotations

Branches:
Dungeon (2/15)

Altars:


Innate Abilities, Weirdness & Mutations

You reflexively headbutt those who attack you in melee.
You have a pair of horns on your head.


Message History

You are exhausted.
You feel yourself slow down. The gnoll hits you with a club.
You hit the gnoll.
The gnoll is lightly wounded.
The gnoll hits you with a club.
You hit the gnoll.
The gnoll is moderately wounded.
The gnoll closely misses you. You furiously retaliate!
You headbutt the gnoll. The gnoll hits you with a club.
* * * LOW HITPOINT WARNING * * *
A kobold comes into view. It is wielding a whip.
Unknown command.
You barely miss the gnoll.
The gnoll is severely wounded.
The gnoll hits you with a club.
* * * LOW HITPOINT WARNING * * *
You hit the gnoll.
The gnoll is almost dead.
The gnoll hits you with a club.
You die...

# .# # ####.# #.
###.... #.####.....
###.......rK
##.........g#######
#........#.@.......
###(....##.....##.###
.....#....))#..#
.........#.##..#
.........#.##....
#......########
.########..##
............#
.....####รท..#


You could see a gnoll, a kobold and a rat.

Vanquished Creatures
  2 gnolls (D:2)
  4 dart slugs
  2 leopard geckos (D:1)
  4 bats
  3 goblins (D:1)
  5 hobgoblins
  6 kobolds
  5 frilled lizards
  4 rats (D:1)
35 creatures vanquished.

Vanquished Creatures (others)
  4 toadstools (D:1)
4 creatures vanquished.

Grand Total: 39 creatures vanquished

Notes
Turn   | Place    | Note
-------+----------+-------------------------------------------
     0 | D:1      | GizzardofKazz the Minotaur Berserker began the quest for the Orb.
     0 | D:1      | Reached XP level 1. HP: 19/19 MP: 0/0
    48 | D:1      | Reached skill level 4 in Long Blades
   280 | D:1      | Reached XP level 2. HP: 26/26 MP: 1/1
   486 | D:1      | Reached skill level 5 in Long Blades
   530 | D:1      | Reached XP level 3. HP: 31/31 MP: 2/2
  1030 | D:2      | Reached ** piety under Trog
  1100 | D:2      | Slain by a gnoll

Vault maps used:
D:1:      ldierk_walled_garden_2
D:2:      fedhas_altar_fruit_tree

Skill      XL: |  1  2 |
---------------+-------+-----
Long Blades    | 4 5 |  5.8
Fighting       | |  3.6
Armour         | |  2.4
Dodging        | |  2.1

Action                   || total
-------------------------++-------
Melee: Falchion          ||    51
       Headbutt          ||    13
Invok: Berserk           ||     1
  Eat: Chunk             ||     1
Armor: Animal skin       ||     8
Dodge: Dodged            ||    26
       Rpst.: Falchion   ||     9

Table legend:
 A = Spawn XP
 B = Non-spawn XP
 C = Spawn XP percentage of total XP
 D = Spawn monster count
 E = Non-spawn monster count
 F = Spawn count percentage of total count
 G = Total turns spent on level
                    A         B        C        D         E        F      G
               +---------+---------+-------+---------+---------+-------+---------
         Total |       0 |      88 |   0.0 |       0 |      35 |   0.0 |  1100
               +---------+---------+-------+---------+---------+-------+---------
           D:1 |       0 |      50 |   0.0 |       0 |      27 |   0.0 |   998
           D:2 |       0 |      38 |   0.0 |       0 |       8 |   0.0 |   102
               +---------+---------+-------+---------+---------+-------+---------
